Map: Deathaura LE

Players

Has - Winner!

  • Race: Protoss Protoss
  • Spawn Location: 5:00

GogojOey

  • Race: Zerg Zerg
  • Spawn Location: 11:00

Event: DreamHack SC2 Masters 2020 Fall

VOD

Have the link to the VOD?

Description

Time

  • Played on: Aug. 26, 2020, 8:18 a.m.
  • Length: 6:09

All games in this series

Show
View Real Time Build Order
Export as new Build Order

Has Protoss - Winner!

Build Orders: 1 Gate Expand 

Get SALT Encoding   

  12  0:00  Probe  
  13  0:12  Probe  
  14  0:17  Pylon  
  14  0:24  Probe  
  15  0:29  Assimilator  
  15  0:36  Probe (Chrono Boost)  
  15  0:42  Gateway  
  16  0:46  Probe (Chrono Boost)  
  17  0:51  Probe (Chrono Boost)  
  18  1:03  Probe  
  20  1:20  Nexus  
  20  1:22  Probe  
  20  1:33  Cybernetics Core  
  20  1:37  Probe  
  21  1:43  Pylon  
  23  1:54  Zealot (Chrono Boost)  
  24  2:01  Probe  
  24  2:10  Robotics Facility  
  24  2:12  Warp Gate  
  24  2:13  Probe  
  25  2:19  Stalker (Chrono Boost)  
  27  2:27  Probe (Chrono Boost)  
  28  2:32  Probe (Chrono Boost)  
  29  2:42  Probe x2 (Chrono Boost)  
  31  2:49  Probe  
  33  2:56  Warp Prism (Chrono Boost)  
  31  3:01  Gateway  
  31  3:04  Gateway  
  33  3:06  Probe  
  33  3:08  Probe  
  35  3:19  Gateway  
  35  3:22  Immortal (Chrono Boost)  
  39  3:28  Gateway  
  39  3:40  Gateway x2  
  39  3:45  Probe  
  40  3:55  Pylon  
  40  4:03  Zealot x3  
  46  4:13  Pylon  
  46  4:24  Zealot x4  
  46  4:28  Pylon  
  54  4:32  Zealot, Pylon  
  54  4:34  Zealot  
  54  4:35  Zealot  
  60  4:38  Zealot  
  62  4:57  Zealot x4  
  62  4:58  Zealot  
  72  5:00  Zealot x2  
  70  5:18  Zealot x5  
  70  5:22  Zealot  
  70  5:26  Zealot  
  64  5:36  Zealot  
  64  5:37  Zealot  
  64  5:38  Zealot x2  
  64  5:40  Sentry  
Show
View Real Time Build Order
Export as new Build Order

GogojOey Zerg 

Build Orders: Pool First 

Get SALT Encoding   

  12  0:00  Drone  
  13  0:12  Overlord  
  13  0:16  Drone  
  14  0:31  Drone x2  
  14  0:34  Drone  
  17  0:45  Drone, Extractor  
  17  0:49  Spawning Pool  
  16  0:56  Drone  
  17  1:07  Drone  
  18  1:16  Hatchery  
  17  1:20  Drone  
  18  1:36  Queen  
  18  1:37  Zergling x2  
  18  1:39  Zergling x2  
  22  1:49  Overlord  
  22  1:51  Metabolic Boost  
  23  2:08  Drone  
  23  2:11  Drone  
  23  2:12  Queen  
  26  2:23  Drone  
  27  2:30  Drone  
  27  2:33  Hatchery  
  27  2:35  Drone  
  28  2:40  Drone  
  29  2:47  Drone x2  
  29  2:49  Drone  
  32  2:54  Overlord  
  32  3:00  Drone  
  32  3:02  Drone  
  32  3:04  Queen  
  36  3:17  Drone x2  
  38  3:22  Drone  
  38  3:24  Overlord  
  39  3:33  Drone x2, Spore Crawler  
  39  3:34  Drone x3  
  43  3:42  Queen  
  43  3:44  Drone  
  43  3:45  Drone  
  43  3:46  Queen  
  43  3:47  Drone  
  50  3:57  Overlord x2  
  50  4:00  Roach Warren  
  50  4:01  Extractor  
  50  4:02  Zergling x4  
  50  4:06  Overlord  
  50  4:09  Overlord  
  50  4:17  Overlord  
  50  4:18  Spine Crawler  
  50  4:20  Queen  
  50  4:22  Zergling x4  
  53  4:27  Zergling x4  
  55  4:35  Spine Crawler  
  54  4:40  Roach x4  
  54  4:42  Roach  
  54  4:45  Roach  
  66  4:49  Roach, Zergling x2  
  69  4:54  Roach x2  
  70  5:04  Roach x3, Zergling x2  
  73  5:07  Roach, Zergling x2  
  71  5:20  Queen  
  66  5:23  Roach x2  
  62  5:31  Roach x2, Zergling x4  

Tags
 
Add a new tag
Caveats
  • Supply blocks, unpowered buildings, or Contaminate may cause inaccurate times.
  • Supply counts are checked every 10 seconds.